 Dungeon Crawl Stone Soup version 0.31.0-32-g396128a36d (webtiles) character file.

Game seed: 6408686884487376383

48 imdaedric the Sneak (level 4, -1/27 HPs)
             Began as a Kobold Brigand on Apr 24, 2024.
             Slain by a quokka (4 damage)
             ... on level 2 of the Dungeon.
             The game lasted 00:02:51 (1083 turns).

imdaedric the Sneak (Kobold Brigand)                Turns: 1083, Time: 00:02:51

Health: -1/27      AC:  4    Str:  8    XL:     4   Next: 0%
Magic:  4/4        EV: 15    Int: 12    God:
Gold:   65         SH:  0    Dex: 18    Spells: 3/3 levels left

rFire   . . .        a - +2 dagger
rCold   . . .        (no shield)
rNeg    . . .        b - +0 robe
rPois   .            i - +0 helmet
rElec   .            c - +0 cloak
rCorr   .            (no gloves)
SInv    .            (no boots)
Will    .....        (no amulet)
Stlth   ++++         (no ring)
HPRegen 0.24/turn    (no ring)
MPRegen 0.09/turn

%: no passive effects
@: no status effects
A: small, no large weapons, nightstalker 3
a: no special abilities


You were on level 2 of the Dungeon.
You visited 1 branch of the dungeon, and saw 2 of its levels.

You collected 65 gold pieces.

Inventory:

Hand Weapons
 a - a +2 dagger (weapon)
Missiles
 d - 9 poisoned darts (quivered)
 e - 3 curare-tipped darts
Armour
 b - a +0 robe (worn)
 c - a +0 cloak (worn)
 i - a +0 helmet (worn)
Jewellery
 m - an amulet of faith
Scrolls
 g - a scroll of fear {unknown}
 h - a scroll of identify {unknown}
 k - a scroll of teleportation {unknown}
 l - a scroll of silence {unknown}
Potions
 f - a potion of brilliance {unknown}
 j - 2 potions of lignification {unknown}


   Skills:
 + Level 2.7 Fighting
 + Level 3.3 Short Blades
 + Level 2.7 Throwing
 + Level 2.1 Dodging
 + Level 5.7 Stealth


You had 3 spell levels left.
You didn't know any spells.
Your spell library was empty.

Dungeon Overview and Level Annotations

Branches:
Dungeon (2/15)

Altars:

Shops:
D:1 ??


Innate Abilities, Weirdness & Mutations

You are small and have problems with some larger weapons.
You are completely attuned to the shadows.


Message History

You have reached level 4!
The quokka attacks as it pursues you! The quokka barely misses you. x2
The quokka attacks as it pursues you! The quokka closely misses you.
The quokka misses you. The quokka attacks as it pursues you!
The quokka closely misses you. The quokka attacks as it pursues you!
The quokka bites you.
* * * LOW HITPOINT WARNING * * *
Things that are here:
a +0 dagger; 5 stones The quokka attacks as it pursues you!
The quokka misses you. The quokka attacks as it pursues you!
The quokka closely misses you. The quokka barely misses you.
The quokka twitches its whiskers.
The quokka attacks as it pursues you! The quokka closely misses you.
The quokka attacks as it pursues you! The quokka misses you.
The quokka bites you.
* * * LOW HITPOINT WARNING * * *
The quokka attacks as it pursues you! The quokka barely misses you.
The quokka attacks as it pursues you! The quokka barely misses you.
The quokka bites you but does no damage.
The quokka attacks as it pursues you! The quokka misses you.
The quokka twitches its whiskers.
You barely miss the quokka. The quokka bites you.
* * * LOW HITPOINT WARNING * * *
You closely miss the quokka. The quokka barely misses you.
You hit the quokka.
The quokka is severely wounded.
The quokka bites you.
* * * LOW HITPOINT WARNING * * *
You hit the quokka.
The quokka is almost dead.
The quokka closely misses you.
You barely miss the quokka.
The quokka is almost dead.
The quokka bites you.
* * * LOW HITPOINT WARNING * * *
You closely miss the quokka.
The quokka is almost dead.
The quokka bites you.
You die...

............>#
......†)..##.#
..............
...##......... #.#
.....##......... #.#
................. #
.###.# .......#.........
###
.....####.....#.........
..##
.....Kr@................
K..##
.....##............ ..
##..#
#....##...........# #
##..##
####.##.........>.#
.#...#
###.K.#########....#
)#...# ##.....#
.........#
)....###..K...#
.........#
##.K..##..###.#
....†....#
#....#...###.#
..........


You could see a quokka and a kobold.

Vanquished Creatures
  A dart slug (D:2)
  A ribbon worm (D:2)
  5 bats
  4 endoplasms
  3 giant cockroaches (D:1)
  3 goblins
  4 hobgoblins
  7 kobolds
  2 quokkas
  5 ball pythons (D:1)
  2 frilled lizards
  4 rats (D:1)
41 creatures vanquished.

Notes
Turn   | Place    | Note
-------+----------+-------------------------------------------
     0 | D:1      | imdaedric the Kobold Brigand began the quest for the Orb.
     0 | D:1      | Reached XP level 1. HP: 12/12 MP: 1/1
    77 | D:1      | Reached XP level 2. HP: 12/18 MP: 2/2
   180 | D:1      | Found Vimadaih's Magic Scroll Boutique.
   211 | D:1      | Reached XP level 3. HP: 20/22 MP: 3/3
   236 | D:1      | Found Owanlauw's Magic Scroll Emporium.
  1048 | D:2      | Reached XP level 4. HP: 7/27 MP: 4/4
  1083 | D:2      | Slain by a quokka

Illustrated notes

Levels and vault maps discovered:
D:1:      dpeg_arrival_short_road, layout_rooms, serial_shops, shop, shop
D:2:      minmay_recursive_quarters, layout_basic, uniq_crazy_yiuf_cottage

Skill      XL: |  1  2  3 |
---------------+----------+-----
Short Blades   | 3 |  3.3
Dodging        | 2 |  2.1
Fighting       | |  2.7
Throwing       | |  2.7
Stealth        | |  5.7

Action                     |  1- 3 |  4- 6 || total
---------------------------+-------+-------++-------
  Melee: Dagger            |   132 |     6 ||   138
         Punch             |     1 |       ||     1
    Use: Scroll            |     1 |       ||     1
   Stab: Sleeping          |    15 |       ||    15
 Armour: Robe              |    61 |     7 ||    68
  Dodge: Dodged            |    93 |    15 ||   108
